 Dungeon Crawl Stone Soup version 0.28.0-45-g0d030f2227 (webtiles) character file.

Game seed: 3851898338245022088

204750 protoss039 the Slayer (level 18, -8/288 HPs)
             Began as a Minotaur Fighter on Apr 5, 2022.
             Was the Champion of Okawaru.
             Mangled by an emperor scorpion (9 damage)
             ... on level 4 of the Spider Nest.
             The game lasted 01:33:11 (48222 turns).

protoss039 the Slayer (Minotaur Fighter)           Turns: 48222, Time: 01:33:12

Health: -8/288     AC: 21    Str: 29    XL:     18   Next: 39%
Magic:  20/26      EV:  2    Int:  5    God:    Okawaru [******]
Gold:   2489       SH: 22    Dex: 10    Spells: 14/17 levels left

rFire   . . .      SeeInvis .   a - +7 hand axe of the Modern Eyes {vorpal, rPois Stlth+}
rCold   . . .      Faith    .   W - +2 kite shield
rNeg    . . .      Spirit   .   (armour currently unavailable)
rPois   +          Reflect  +   (helmet currently unavailable)
rElec   .          Harm     .   (cloak currently unavailable)
rCorr   .          Rampage  .   (gloves currently unavailable)
Will    +....      NoTele   +   (boots currently unavailable)
Stlth   ++++......              v - amulet of reflection
HPRegen 0.58/turn               T - +4 ring of protection
MPRegen 0.20/turn               J - +4 ring of evasion

@: tree-form, heroic, finesse-ful, corroded, studying Ice Magic
A: stationary, stasis, torment immunity, boosted hp, (horns 2), (retaliatory
headbutt), deterioration 1
a: Renounce Religion, Heroism, Finesse, Duel


You were on level 4 of the Spider Nest.
You worshipped Okawaru.
Okawaru was exalted by your worship.
You were a tree.
You visited 6 branches of the dungeon, and saw 30 of its levels.

You collected 3334 gold pieces.
You spent 845 gold pieces at shops.

Inventory:

Hand Weapons
 a - the +7 hand axe of the Modern Eyes (weapon) {vorpal, rPois Stlth+}
   (Okawaru gifted it to you on level 9 of the Dungeon)

   It inflicts extra damage upon your enemies.
   rPois:     It protects you from poison.
   Stlth:     It makes you more stealthy.
 I - a +1 war axe of flaming
Missiles
 n - 3 throwing nets
 z - 10 javelins
 P - 11 silver javelins (quivered)
 R - 4 boomerangs of dispersal
Armour
 c - the +0 pair of gloves of Indemnity (melded) {SInv}
   (Okawaru gifted it to you on level 6 of the Lair of Beasts)

   SInv:      It lets you see invisible.
 h - the -2 hat of the Alchemist (melded) {rElec rPois rF+ rC+ rN+ Will+ rMut rCorr}
   (Okawaru gifted it to you on level 15 of the Dungeon)

   rF:        It protects you from fire.
   rC:        It protects you from cold.
   rElec:     It insulates you from electricity.
   rPois:     It protects you from poison.
   rN:        It protects you from negative energy.
   rCorr:     It protects you from acid and corrosion.
   rMut:      It protects you from mutation.
   Will:      It increases your willpower.
 i - a +2 cloak of stealth (melded)
 r - +6 acid dragon scales (melded)
 W - a +2 kite shield (worn)
 Y - the +3 pair of seven-league boots (melded) {Rampage+∞}
   (You bought it in a shop on level 2 of the Orcish Mines)

   Its wearer moves as far as possible in that direction when moving towards
   enemies.
Jewellery
 f - a ring of fire
 l - a ring of wizardry
 v - an amulet of reflection (around neck)
 J - a +4 ring of evasion (right branch)
 T - a +4 ring of protection (left branch)
Wands
 q - a wand of mindburst (6)
 t - a wand of iceblast (5)
 w - a wand of acid (11)
 F - a wand of digging (12)
 N - a wand of flame (14)
Scrolls
 b - 2 scrolls of immolation
 g - a scroll of identify
 k - 5 scrolls of blinking
 p - 2 scrolls of torment {unknown}
 s - 7 scrolls of enchant weapon
 x - 13 scrolls of teleportation
 A - 3 scrolls of brand weapon
 C - 5 scrolls of fog
 E - 3 scrolls of silence {unknown}
 K - 4 scrolls of amnesia
 M - 3 scrolls of magic mapping {unknown}
 O - a scroll of fear {unknown}
Potions
 d - 3 potions of might
 e - 6 potions of attraction
 j - 4 potions of lignification
 m - 3 potions of brilliance
 o - 5 potions of flight
 u - 9 potions of curing
 B - 4 potions of heal wounds
 D - a potion of cancellation
 G - 2 potions of mutation
 H - 2 potions of resistance
 L - 2 potions of magic
 S - 5 potions of haste
 U - a potion of invisibility
 V - a potion of berserk rage
 X - 3 potions of ambrosia
Miscellaneous
 y - a box of beasts
 Z - a piece from Xom's chessboard (15/15)


   Skills:
 * Level 24.3(27) Fighting
 + Level 18.7(23.7) Axes
 + Level 3.0(8.0) Throwing
 + Level 15.1(20.1) Armour
 + Level 17.1(22.1) Shields
 - Level 12.0 Invocations


You had 14 spell levels left.
You knew the following spells:

 Your Spells              Type           Power      Damage    Failure   Level
a - Swiftness             Air            0%         N/A       89%         3

Your spell library contained the following spells:

 Spells                   Type           Power      Damage    Failure   Level
 Foxfire                  Conj/Fire      0%         2x1d4     54%         1
 Freeze                   Ice            0%         1d3       54%         1
 Sting                    Tmut/Pois      0%         1d3       54%         1
 Blink                    Tloc           0%         N/A       69%         2
 Ensorcelled Hibernation  Hex/Ice        0%         N/A       69%         2
 Passwall                 Tmut/Erth      0%         N/A       69%         2
 Poisonous Vapours        Pois/Air       0%         N/A       69%         2
 Conjure Flame            Conj/Fire      0%         6-21      89%         3
 Dazzling Flash           Conj/Hex       0%         N/A       89%         3
 Frozen Ramparts          Ice            0%         1d2       89%         3
 Ignite Poison            Fire/Tmut/Pois 0%         N/A       89%         3
 Inner Flame              Hex/Fire       0%         N/A       89%         3
 Lesser Beckoning         Tloc           0%         N/A       89%         3
 Mephitic Cloud           Conj/Pois/Air  0%         N/A       89%         3
 Ozocubu's Armour         Ice            0%         N/A       89%         3
 Flame Wave               Conj/Fire      0%         2d4       100%        4
 Hailstorm                Conj/Ice       0%         3d3       100%        4
 Olgreb's Toxic Radiance  Pois           0%         N/A       100%        4
 Sticky Flame             Conj/Fire      0%         2d3       100%        4
 Agony                    Necr           0%         N/A       100%        5
 Alistair's Intoxication  Tmut/Pois      0%         N/A       100%        5
 Borgnjor's Vile Clutch   Necr/Erth      0%         N/A       100%        5
 Fireball                 Conj/Fire      0%         3d3       100%        5
 Freezing Cloud           Conj/Ice/Air   0%         6-21      100%        5
 Manifold Assault         Tloc           0%         N/A       100%        5
 Metabolic Englaciation   Hex/Ice        0%         N/A       100%        5
 Silence                  Hex/Air        0%         N/A       100%        5
 Eringya's Noxious Bog    Tmut/Pois      0%         N/A       100%        6
 Starburst                Conj/Fire      0%         6d3       100%        6
 Storm Form               Tmut/Air       0%         N/A       100%        7
 Ignition                 Fire           0%         3d3       100%        8
 Simulacrum               Ice/Necr       Unusable   N/A       N/A         6

Dungeon Overview and Level Annotations

Branches:
Dungeon (15/15)            Temple (1/1) D:5            Lair (6/6) D:9
 Shoals (0/4) Lair:4       Spider (4/4) Lair:3        Slime (0/5) Lair:5
    Orc (2/2) D:9             Elf (2/3) Orc:2        Vaults (0/5) D:13
 Depths (0/4) D:15

Altars:
Ashenzari
Cheibriados
Dithmenos
Elyvilon
Fedhas
Gozag
Hepliaklqana
Kikubaaqudgha
Makhleb
Nemelex Xobeh
Okawaru
Qazlal
Ru
Sif Muna
Trog
Uskayaw
Vehumet
Wu Jian
Xom
Yredelemnul
Zin
The Shining One
Beogh
Jiyva

Shops:
D:1 *   Orc:1 :   Orc:2 **[([

Annotations:
Lair:3 Raspi's ghost, journeyman GrBe
Lair:6 3 runed translucent doors, Sigibet's ghost, journeyman GrEE


Innate Abilities, Weirdness & Mutations

You are a tree.
Your roots penetrate the ground, keeping you stationary.
You cannot be teleported.
You are immune to unholy pain and torment.
Your maximum health is greatly increased.
Your equipment is partially melded.
((You have a pair of horns on your head.))
((You reflexively headbutt those who attack you in melee.))
Your body sometimes deteriorates upon taking damage.


Message History

Unknown command.
You gain the combat prowess of a mighty hero.
You feel yourself speed up.
The entropy weaver's soul is no longer bound.
The redback simulacrum bites you.
* * * LOW HITPOINT WARNING * * *
The redback simulacrum freezes you!!
* * * LOW HITPOINT WARNING * * *
The meliai invokes the aid of its god against you.
Something smites you!
* * * LOW HITPOINT WARNING * * *
The entropy weaver casts a spell at you.
The entropic weave corrodes you!
You block the demonic crawler's attack. x2
The demonic crawler hits you.
* * * LOW HITPOINT WARNING * * *
The emperor scorpion stings you!
* * * LOW HITPOINT WARNING * * *
The emperor scorpion claws you.
* * * LOW HITPOINT WARNING * * *
The emperor scorpion claws you but does no damage.
An emperor scorpion comes into view.
The moth of wrath goads the emperor scorpion on!
The emperor scorpion goes berserk!
The moth of wrath goads the jumping spider on!
The jumping spider goes berserk!
The demonic crawler hits you but does no damage. x2
The demonic crawler hits you.
* * * LOW HITPOINT WARNING * * *
A pharaoh ant comes into view.
The redback simulacrum bites you but does no damage.
The entropy weaver hits you.
* * * LOW HITPOINT WARNING * * *
The entropy weaver hits you but does no damage. x3
The demonic crawler hits you but does no damage.
The demonic crawler completely misses you.
The demonic crawler hits you but does no damage.
The emperor scorpion barely misses you.
The emperor scorpion claws you but does no damage.
The emperor scorpion claws you!
You die...

#####....................#^#
#...#...........^.^........^
#...(.......................
##.......................^.(
####.......................
##......................
####........Z..$.......
#......Z.s...(......
#.....Zy♣sB..$......
###....ssBw..s......
##...[yw..........
##......B........
#...?.).○.......
#........○......
#.........°...
#..s..B....°...
#..$°...........


You could see 3 emperor scorpions, a radroach, a boulder beetle (rolling), an
entropy weaver, a steelbarb worm, a torpor snail, 2 demonic crawlers, a moth of
wrath, a pharaoh ant (wandering), a jumping spider (berserk, soul bound), a
meliai (strong) and 3 redback simulacra.

Vanquished Creatures
  Bai Suzhen (Spider:4)
  Rupert (D:14)
  Gastronok (D:9)
  Agnes (Spider:3)
  A shadow dragon (D:15)
  2 tengu reavers (D:15)
  An emperor scorpion (Spider:1)
  A frost giant (D:15)
  An orc warlord (Orc:2)
  2 ghost moths
  A deep elf annihilator (Elf:2)
  4 entropy weavers
  A spark wasp (Spider:3)
  A deep elf death mage (Elf:2)
  2 yaktaur captains (D:15)
  A great orb of eyes (D:15)
  3 vault guards (D:13)
  8 boulder beetles
  7 centaur warriors
  23 hydras
  2 radroaches (Spider:3)
  The ghost of bmj180 the Black Sun, a journeyman DsNe of Kikubaaqudgha (D:11)
  3 catoblepae
  A jorogumo (Spider:4)
  9 death yaks
  26 dancing weapons
  2 death knights (D:15)
  A deep troll earth mage (D:15)
  4 tengu warriors
  3 two-headed ogres
  3 orc high priests
  20 deep elf knights
  Nergalle (D:10)
  A fire crab (Lair:6)
  9 pharaoh ants
  3 sun moths
  4 steelbarb worms
  An obsidian statue (D:10)
  7 orb spiders
  A phantasmal warrior (D:15)
  A lindwurm (Lair:6)
  Pikel (D:6)
  15 deep elf archers
  20 deep elf zephyrmancers
  27 deep elf pyromancers
  8 orc knights
  5 orc sorcerers
  7 manticores
  21 wolf spiders
  A wolf spider (shapeshifter) (D:14)
  9 ugly things
  10 cyclopes
  2 moths of wrath (Spider:4)
  5 elephants (Lair:6)
  2 black mambas
  Joseph (D:7)
  6 gargoyles
  2 torpor snails
  16 cane toads
  A cane toad (shapeshifter) (D:15)
  8 demonic crawlers
  2 unseen horrors (D:13)
  Maggie (D:7)
  A yaktaur (D:15)
  7 komodo dragons
  3 tengu conjurers
  A freezing wraith (D:15)
  A queen bee (shapeshifter) (D:15)
  2 burning bushes (Lair:2)
  7 trolls
  7 polar bears
  24 meliai
  Prince Ribbit (Lair:3)
  16 tarantellas
  A wolf spider simulacrum (D:15)
  A raiju (shapeshifter) (D:13)
  7 slime creatures
  10 hornets
  22 blink frogs
  A meliai zombie (D:11)
  Sigmund (D:6)
  A vampire (D:11)
  2 air elementals (Elf:2)
  16 jumping spiders
  3 shadows
  3 water elementals
  2 wyverns
  2 wraiths (D:11)
  13 spriggans (Lair:6)
  21 culicivoras
  A spectral komodo dragon (Lair:3)
  36 yaks
  Eustachio (D:6)
  9 basilisks
  A basilisk (shapeshifter) (D:14)
  Grum (D:10)
  A hog (shapeshifter) (D:15)
  A steam dragon (D:9)
  9 humans (D:13)
  33 redbacks
  6 vampire mosquitoes
  4 fire elementals
  An acid dragon (D:13)
  12 water moccasins
  3 wargs (Orc:1)
  A floating eye (shapeshifter) (D:15)
  A spectral torpor snail (Lair:3)
  A sky beast (D:7)
  35 orc warriors
  A boulder beetle simulacrum (Lair:3)
  5 black bears
  2 ice beasts (D:6)
  6 boggarts
  7 ogres
  2 necrophages
  30 wolves
  9 centaurs
  3 lemures (D:6)
  2 phantoms
  2 earth elementals (Elf:1)
  A kobold brigand (D:7)
  6 bullfrogs
  2 gnoll sergeants
  2 scorpions
  A wyvern skeleton (D:7)
  A cane toad simulacrum (Lair:3)
  A water moccasin skeleton (D:5)
  A hornet simulacrum (D:15)
  A water moccasin zombie (D:5)
  8 killer bees (D:9)
  A troll zombie (D:9)
  A dream sheep simulacrum (Lair:3)
  14 wights
  An electric eel (Lair:3)
  5 howler monkeys
  A torpor snail simulacrum (Lair:3)
  A komodo dragon simulacrum (Lair:3)
  4 centaur zombies
  4 hounds
  21 orc priests
  2 jellies
  A centaur skeleton (D:6)
  2 iguanas
  17 orc wizards
  A killer bee zombie (D:9)
  5 ogre zombies (D:9)
  A hound zombie (D:5)
  2 hound skeletons
  2 howler monkey zombies
  8 gnolls
  A howler monkey skeleton (D:6)
  An adder (D:3)
  A shadow imp (D:7)
  2 ufetubi
  A dart slug (D:3)
  68 orcs
  3 bats
  4 endoplasms
  4 giant cockroaches
  9 goblins
  6 hobgoblins
  3 jackals (D:5)
  11 kobolds
  5 ball pythons
  4 frilled lizards
  2 goblin skeletons (D:9)
  2 hobgoblin zombies (D:9)
  A jackal skeleton (D:4)
  6 orc skeletons (D:9)
  9 orc zombies (D:9)
  6 rats
  A butterfly (Lair:4)
1006 creatures vanquished.

Vanquished Creatures (others)
  A deep elf zephyrmancer (Elf:1)
  A killer bee (D:9)
  An orc wizard (D:7)
  38 fungi
  57 plants
98 creatures vanquished.

Grand Total: 1104 creatures vanquished

Notes
Turn   | Place    | Note
-------+----------+-------------------------------------------
     0 | D:1      | protoss039 the Minotaur Fighter began the quest for the
                  | Orb.
     0 | D:1      | Reached XP level 1. HP: 19/19 MP: 0/0
   111 | D:1      | Reached XP level 2. HP: 27/27 MP: 1/1
   147 | D:1      | Found Icereun's General Store.
   558 | D:1      | Reached skill level 4 in Fighting
  1178 | D:2      | Found a hazy altar of Hepliaklqana.
  1305 | D:2      | Reached XP level 3. HP: 32/33 MP: 2/2
  2047 | D:3      | Found a glowing golden altar of the Shining One.
  2917 | D:4      | Reached XP level 4. HP: 40/40 MP: 3/3
  2935 | D:4      | Noticed a necrophage
  2944 | D:4      | Killed a necrophage
  2945 | D:4      | Reached XP level 5. HP: 46/47 MP: 4/4
  3283 | D:4      | Reached skill level 5 in Axes
  3723 | D:5      | Entered Level 5 of the Dungeon
  3723 | D:5      | Found a radiant altar of Vehumet.
  3770 | D:5      | Found a staircase to the Ecumenical Temple.
  3808 | D:5      | Reached XP level 6. HP: 53/53 MP: 5/5
  3818 | Temple   | Entered the Ecumenical Temple
  3903 | Temple   | Became a worshipper of Warmaster Okawaru
  4092 | D:5      | Reached skill level 5 in Armour
  4092 | D:5      | Reached skill level 5 in Shields
  4498 | D:5      | Reached * piety under Okawaru
  4499 | D:5      | Reached skill level 1 in Invocations
  4499 | D:5      | Reached XP level 7. HP: 39/60 MP: 6/6
  4649 | D:5      | Found a broken altar of Ashenzari.
  4689 | D:5      | Reached skill level 5 in Fighting
  5107 | D:6      | Noticed Sigmund
  5114 | D:6      | Killed Sigmund
  5116 | D:6      | Noticed Pikel
  5138 | D:6      | Killed Pikel
  5138 | D:6      | Reached ** piety under Okawaru
  5139 | D:6      | Reached XP level 8. HP: 38/70 MP: 8/8
  5505 | D:6      | Reached *** piety under Okawaru
  5565 | D:6      | Found a hide-covered altar of Uskayaw.
  5872 | D:6      | Reached skill level 6 in Fighting
  5872 | D:6      | Reached skill level 10 in Axes
  6112 | D:6      | Found a glowing silver altar of Zin.
  6134 | D:6      | Found an opulent altar of Gozag.
  6195 | D:6      | Noticed Eustachio
  6213 | D:6      | Killed Eustachio
  6214 | D:6      | Reached XP level 9. HP: 52/75 MP: 10/10
  6463 | D:7      | Noticed Maggie
  6478 | D:7      | Killed Maggie
  6478 | D:7      | Received a gift from Okawaru
  6940 | D:7      | Noticed Joseph
  6969 | D:7      | Killed Joseph
  6969 | D:7      | Reached **** piety under Okawaru
  7317 | D:7      | Found an ornate altar of the Wu Jian Council.
  7701 | D:7      | Found a blossoming altar of Fedhas.
  7799 | D:7      | Reached skill level 7 in Fighting
  7860 | D:7      | Found a snail-covered altar of Cheibriados.
  8048 | D:8      | Reached XP level 10. HP: 47/80 MP: 12/12
  8325 | D:8      | Reached ***** piety under Okawaru
  8339 | D:8      | Reached skill level 5 in Invocations
  8535 | D:8      | Found a shimmering blue altar of Sif Muna.
  9418 | D:9      | Reached skill level 15 in Axes
  9697 | D:9      | Found a stormy altar of Qazlal.
  9697 | D:9      | Found a white marble altar of Elyvilon.
  9785 | D:9      | Found a staircase to the Orcish Mines.
  9804 | D:9      | Reached skill level 8 in Fighting
 10146 | D:9      | Noticed Gastronok
 10175 | D:9      | Killed Gastronok
 10175 | D:9      | Identified the +7 hand axe of the Modern Eyes {vorpal,
                  | rPois Stlth+} (Okawaru gifted it to you on level 9 of the
                  | Dungeon)
 10175 | D:9      | Received a gift from Okawaru
 10176 | D:9      | Reached XP level 11. HP: 54/95 MP: 14/14
 10362 | D:9      | Found a staircase to the Lair.
 10604 | D:9      | Found a burning altar of Makhleb.
 10604 | D:9      | Noticed a balrug
 10939 | D:10     | Entered Level 10 of the Dungeon
 11054 | D:10     | Reached skill level 9 in Fighting
 11066 | D:10     | Noticed an obsidian statue
 11071 | D:10     | Noticed a sixfirhy
 11080 | D:10     | Noticed a sun demon
 11147 | D:10     | Killed an obsidian statue
 11480 | D:10     | Learned a level 3 spell: Swiftness
 11751 | D:10     | You fall into a shaft and drop 1 floor!
 11832 | D:11     | Found a transporter.
 11832 | D:11     | Noticed bmj180's ghost (journeyman DsNe)
 11832 | D:11     | Noticed a boulder beetle
 11834 | D:11     | Noticed a brown ugly thing
 11847 | D:11     | Noticed a four-headed hydra
 11890 | D:10     | Noticed Nergalle
 11919 | D:10     | Killed Nergalle
 11919 | D:10     | Identified the +1 ring mail of Vekliada {Harm Dex+4 Stlth+}
                  | (Okawaru gifted it to you on level 10 of the Dungeon)
 11919 | D:10     | Received a gift from Okawaru
 11920 | D:10     | Reached skill level 10 in Fighting
 11969 | D:10     | Noticed a two-headed ogre
 11975 | D:10     | Killed a two-headed ogre
 12342 | D:10     | Noticed Grum
 12358 | D:10     | Killed Grum
 12626 | D:11     | Reached skill level 11 in Fighting
 12762 | D:11     | Found a transporter.
 13128 | Lair:1   | Entered Level 1 of the Lair of Beasts
 13234 | Lair:1   | Noticed a death yak
 13234 | Lair:1   | Noticed a death yak
 13235 | Lair:1   | Noticed a death yak
 13236 | Lair:1   | Noticed a death yak
 13244 | Lair:1   | Killed a death yak
 13249 | Lair:1   | Killed a death yak
 13250 | Lair:1   | Reached skill level 12 in Fighting
 13256 | Lair:1   | Killed a death yak
 13257 | Lair:1   | Reached XP level 12. HP: 56/112 MP: 14/16
 13259 | Lair:1   | Killed a death yak
 13925 | Lair:1   | Reached skill level 13 in Fighting
 14669 | Lair:2   | Noticed a six-headed hydra
 14880 | Lair:2   | Killed an 11-headed hydra
 14880 | Lair:2   | Received a gift from Okawaru
 14881 | Lair:2   | Reached skill level 14 in Fighting
 15155 | Lair:2   | Identified the +0 helmet of Efuuq {Rampage}
 15410 | Lair:2   | Noticed a six-headed hydra
 15415 | Lair:2   | Noticed a seven-headed hydra
 15598 | Lair:2   | Reached ****** piety under Okawaru
 15710 | Lair:2   | Reached skill level 15 in Fighting
 15802 | Lair:2   | Noticed an eight-headed hydra
 16142 | Lair:3   | Identified the +0 pair of gloves of Echexoth {Will- Int+6
                  | Slay+2 Stlth+} (Okawaru gifted it to you on level 3 of the
                  | Lair of Beasts)
 16142 | Lair:3   | Received a gift from Okawaru
 16143 | Lair:3   | Reached skill level 10 in Armour
 16237 | Lair:3   | Noticed Prince Ribbit
 16248 | Lair:3   | Killed Prince Ribbit
 16508 | Lair:3   | Found a hole to the Spider Nest.
 16889 | Lair:3   | Found a runed translucent gate.
 16890 | Lair:3   | Found a runed translucent gate.
 16895 | Lair:3   | Found a runed translucent gate.
 16907 | Lair:3   | Noticed Raspi's ghost (journeyman GrBe)
 17399 | Lair:4   | Noticed a six-headed hydra
 17646 | Lair:4   | Killed a one-headed hydra
 17868 | Lair:4   | Noticed a five-headed hydra
 17875 | Lair:4   | Killed a one-headed hydra
 17876 | Lair:4   | Reached XP level 13. HP: 76/126 MP: 18/18
 18142 | Lair:4   | Found a staircase to the Shoals.
 20527 | Lair:5   | Reached skill level 10 in Invocations
 20780 | Lair:5   | Found a viscous altar of Jiyva.
 20780 | Lair:5   | Found a staircase to the Slime Pits.
 20899 | Lair:5   | Identified the +8 spear "Nulilela" {vorpal, rPois rN+ Str+4
                  | Int-5}
 21336 | Lair:6   | Entered Level 6 of the Lair of Beasts
 21350 | Lair:6   | Identified the +8 broad axe of Umnuol {venom, rElec}
                  | (Okawaru gifted it to you on level 6 of the Lair of Beasts)
 21350 | Lair:6   | Received a gift from Okawaru
 21805 | Lair:6   | Found a runed translucent gate.
 21805 | Lair:6   | Found a runed translucent gate.
 21805 | Lair:6   | Noticed an acid blob
 21806 | Lair:6   | Found a runed translucent gate.
 21806 | Lair:6   | Noticed a rockslime
 21806 | Lair:6   | Noticed an azure jelly
 21806 | Lair:6   | Noticed an acid blob
 21806 | Lair:6   | Noticed Sigibet's ghost (journeyman GrEE)
 21806 | Lair:6   | Noticed an azure jelly
 21806 | Lair:6   | Noticed an azure jelly
 21806 | Lair:6   | Noticed an azure jelly
 21806 | Lair:6   | Noticed an azure jelly
 21806 | Lair:6   | Noticed an azure jelly
 21807 | Lair:6   | Noticed an azure jelly
 22180 | Lair:6   | Reached skill level 16 in Fighting
 22240 | Lair:6   | Identified the +0 pair of gloves of Indemnity {SInv}
                  | (Okawaru gifted it to you on level 6 of the Lair of Beasts)
 22240 | Lair:6   | Received a gift from Okawaru
 22904 | Lair:6   | Reached XP level 14. HP: 137/137 MP: 20/20
 23615 | Lair:6   | Reached skill level 17 in Fighting
 23641 | Lair:6   | Identified the +1 falchion "Ethrotum" {drain, rElec rC+
                  | MP+9 Str+3}
 24117 | Lair:6   | Found a viscous altar of Jiyva.
 24302 | Lair:3   | Received a gift from Okawaru
 25517 | D:11     | Killed bmj180's ghost
 26160 | D:12     | Reached skill level 18 in Fighting
 26260 | D:12     | Reached skill level 15 in Armour
 27281 | D:13     | Reached skill level 1 in Throwing
 28025 | D:13     | Received a gift from Okawaru
 28221 | D:13     | Found a gate to the Vaults.
 28705 | D:14     | Identified the +4 ring mail of the Evening Star {Rampage
                  | Drain rF+} (Okawaru gifted it to you on level 14 of the
                  | Dungeon)
 28705 | D:14     | Received a gift from Okawaru
 29173 | D:14     | Noticed Rupert
 29205 | D:14     | Killed Rupert
 29206 | D:14     | Reached XP level 15. HP: 89/150 MP: 22/22
 29691 | D:15     | Entered Level 15 of the Dungeon
 30479 | Orc:1    | Entered Level 1 of the Orcish Mines
 30626 | Orc:2    | Entered Level 2 of the Orcish Mines
 30907 | Orc:2    | Found a staircase to the Elven Halls.
 30981 | Orc:2    | Noticed an orc warlord
 30991 | Orc:2    | Found Doedit's Antique Armour Emporium.
 31006 | Orc:2    | Killed an orc warlord
 31014 | Orc:2    | Found Ocuydubi's Antique Weapon Shoppe.
 31535 | Orc:2    | Found Uzyusmuh's General Store.
 31810 | Orc:2    | Found Fuimajae's Gadget Gallery.
 31914 | Orc:2    | Found Sorph's Armour Shoppe.
 32007 | Orc:2    | Bought the +3 pair of seven-league boots {Rampage+∞} for
                  | 600 gold pieces
 32007 | Orc:2    | Found the +3 pair of seven-league boots {Rampage+∞}
 32372 | Orc:1    | Reached skill level 10 in Shields
 32391 | Orc:1    | Reached skill level 19 in Fighting
 32937 | Orc:1    | Found Coahi's Book Shop.
 34097 | D:15     | Received a gift from Okawaru
 34097 | D:15     | Found the -2 hat of the Alchemist {rElec rPois rF+ rC+ rN+
                  | Will+ rMut rCorr}
 34418 | D:15     | Found an ancient bone altar of Kikubaaqudgha.
 34515 | D:15     | Found a shadowy altar of Dithmenos.
 34518 | D:15     | Found a shimmering altar of Xom.
 34640 | D:15     | Found a staircase to the Depths.
 35057 | D:15     | Noticed a shadow dragon
 35099 | D:15     | Killed a shadow dragon
 35831 | D:15     | Reached XP level 16. HP: 143/161 MP: 17/24
 35909 | D:15     | Noticed a tengu reaver
 35939 | D:15     | Killed a tengu reaver
 35939 | D:15     | Received a gift from Okawaru
 36324 | D:15     | Identified the +3 scimitar of Fumytr Temi {flame, Will+}
 37482 | D:15     | Noticed a tengu reaver
 37497 | D:15     | Killed a tengu reaver
 37500 | D:15     | Reached skill level 15 in Shields
 38167 | Elf:1    | Entered Level 1 of the Elven Halls
 38286 | Elf:1    | Reached skill level 20 in Fighting
 38544 | Elf:1    | Received a gift from Okawaru
 39037 | Elf:1    | Received a gift from Okawaru
 39648 | Elf:2    | Reached skill level 21 in Fighting
 39660 | Elf:2    | Identified the +3 scale mail of Tenacity {Rampage Str+5
                  | Int-2} (Okawaru gifted it to you on level 2 of the Elven
                  | Halls)
 39660 | Elf:2    | Received a gift from Okawaru
 39730 | Elf:2    | Paralysed by an air elemental for 1 turns
 39876 | Elf:2    | Reached XP level 17. HP: 173/173 MP: 25/25
 39899 | Elf:2    | Found a runed translucent gate.
 39899 | Elf:2    | Found a runed translucent gate.
 39899 | Elf:2    | Found a runed translucent gate.
 40459 | Elf:2    | Paralysed by an air elemental for 1 turns
 40623 | Elf:2    | Reached skill level 22 in Fighting
 41812 | Spider:1 | Entered Level 1 of the Spider Nest
 41814 | Spider:1 | Reached skill level 23 in Fighting
 41869 | Spider:1 | Received a gift from Okawaru
 44278 | Spider:3 | Received a gift from Okawaru
 44376 | Spider:3 | Gained mutation: Your body sometimes deteriorates upon
                  | taking damage. [mutagenic glow]
 44463 | Spider:3 | Identified the +6 quarterstaff of Zunuu {protect, Will+
                  | Int+2}
 45243 | Spider:3 | Noticed Agnes
 45271 | Spider:3 | Killed Agnes
 45272 | Spider:3 | Reached XP level 18. HP: 126/190 MP: 26/26
 45870 | Spider:3 | Reached skill level 24 in Fighting
 46082 | Spider:4 | Entered Level 4 of the Spider Nest
 46421 | Spider:4 | Identified the +0 hat "Pakexesch" {rElec Int+2} (Okawaru
                  | gifted it to you on level 4 of the Spider Nest)
 46421 | Spider:4 | Received a gift from Okawaru
 46733 | Spider:4 | Noticed Bai Suzhen
 46760 | Spider:4 | Killed Bai Suzhen
 47845 | D:1      | Bought a potion of heal wounds for 70 gold pieces
 47845 | D:1      | Bought a potion of curing for 42 gold pieces
 47845 | D:1      | Bought a scroll of blinking for 105 gold pieces
 47845 | D:1      | Bought a scroll of identify for 28 gold pieces
 48222 | Spider:4 | HP: 6/288 [emperor scorpion (13)]
 48222 | Spider:4 | HP: 2/288 [demonic crawler (3)]
 48222 | Spider:4 | Mangled by an emperor scorpion

Illustrated notes

Levels and vault maps discovered:
D:1:      onia_arrival_pentagram, layout_basic, serial_shops,
          nicolae_shop_waterfront
D:2:      minmay_recursive_quarters, layout_basic, basic_altar,
          serial_bayou_ford_a
D:3:      layout_basic, mainiacjoe_overflow_chevrons, minmay_distorted
D:4:      layout_gridville
D:5:      layout_basic, mainiacjoe_overflow_concentric_impassable,
          cheibrodos_ashenzari_chains, minmay_temple_entry_junction_2
D:6:      layout_cave_pods, pdpol_temple_overflow_zin_treasury_gozag_greed,
          mainiacjoe_overflow_surrounded_room, uniq_eustachio, uniq_sigmund,
          uniq_pikel
D:7:      layout_rooms, nicolae_wu_jian_glorious_leap, cheibriados_altar_1,
          fedhas_altar_fruit_tree, uniq_maggie, uniq_joseph
D:8:      layout_layer_cave, nicolae_sif_muna_condensation
D:9:      layout_basic, makhleb_altar_promises_db, minitemple, lair_entry_dummy,
          zombieorc1_lemuel, st_stairs_11, uniq_gastronok
D:10:     layout_roguey, grunt_decor_arrowhead, minmay_protected_statue,
          uniq_nergalle, uniq_grum
D:11:     layout_irregular_city, gammafunk_ghost_arena
D:12:     layout_roguey, kennysheep_small_circle
D:13:     layout_basic, ximxim_vaults_locker_room
D:14:     layout_loops_ring, moated_statue, uniq_rupert
D:15:     hangedman_slaughterboxes
Temple:   dpeg_three_leaves_temple
Lair:1:   layout_cave_pods, patterned_corridor
Lair:2:   layout_chaotic_city, minmay_holes, st_stairs_10, evilmike_ambush
          [evilmike_ambush_outer_basic, evilmike_ambush_inner_pond],
          lemuel_fruit_fields, serial_bayou_shore_b, grunt_megastairs_5,
          lemuel_fruit_fields, infiniplex_staircase_pool
Lair:3:   layout_chaotic_city, spider_nest_entry_web_field,
          gammafunk_ghost_necromancy, uniq_prince_ribbit2
Lair:4:   layout_cave_pods, elwin_shoals_entry_rocks,
          infiniplex_staircase_pool_2, lemuel_fruit_fields
Lair:5:   layout_gridlike, dpeg_slime_entry_enclosed_altar, st_stairs_9,
          chequers_serial_rivers_micro_c, grunt_megastairs_2
Lair:6:   minmay_lair_end_enchanted_forest, layout_regular_city,
          gammafunk_ghost_ooze, gauntlet_entry_generic, nicolae_lair_yak_garden
Spider:1: layout_spider_delve
Spider:2: layout_cave_pods, hangedman_spider_trapstep
Spider:3: nicolae_spider_mines_1, uniq_agnes
Spider:4: hellmonk_spider_rune_bug_friends, uniq_bai_suzhen
Orc:1:    layout_caves, serial_shops, shop, guppyfry_orc_lava_fort
Orc:2:    grunt_orc_community_town_hall, layout_caves,
          grunt_orc_community_big_house_1, grunt_orc_community_big_house_2,
          grunt_orc_community_house_1, grunt_orc_community_house_3,
          grunt_orc_community_house_3, grunt_orc_community_house_2, basic_altar,
          nicolae_shop_gadgets
Elf:1:    eino_elf_arrival_customs, layout_geoelf_octagon, minivault_28,
          grunt_megastairs_3
Elf:2:    nicolae_elf_blades_splatter_lattice [nicolae_blade_little_rooms],
          layout_geoelf_octagon, amcnicky_mini_pool_small

Skill      XL: |  1  2  3  4  5  6  7  8  9 10 11 12 13 14 15 16 17 18 |
---------------+-------------------------------------------------------+-----
Fighting       | 4 5 6 7 8 12 15 16 18 19 21 23 24 | 24.3
Shields        | 4 5 7 13 15 16 17 | 17.1
Armour         | 4 5 6 7 9 11 14 15 | 15.1
Axes           | 3 4 5 6 9 11 13 15 16 18 | 18.7
Invocations    | 1 2 3 4 5 7 9 10 11 12 | 12.0
Throwing       | 2 3 |  3.0

Action                   |  1- 3 |  4- 6 |  7- 9 | 10-12 | 13-15 | 16-18 || total
-------------------------+-------+-------+-------+-------+-------+-------++-------
Melee: War axe           |    93 |    57 |   220 |    61 |    36 |    44 ||   511
       Headbutt          |    14 |     7 |    37 |   148 |   330 |   307 ||   843
       Hand axe          |       |       |       |   615 |  1180 |  1235 ||  3030
       Glaive            |       |       |       |    13 |    64 |       ||    77
       Punch             |       |       |       |     1 |       |       ||     1
Throw: Javelin           |       |       |       |     5 |       |       ||     5
Invok: Heroism           |       |       |     1 |     3 |    13 |     6 ||    23
       Finesse           |       |       |       |     1 |     6 |     4 ||    11
Evoke: Wand              |       |       |       |     6 |       |       ||     6
       Piece from Xom's  |       |       |       |       |       |     1 ||     1
  Use: Scroll            |     7 |       |     3 |     6 |    10 |     6 ||    32
       Potion            |       |       |     5 |     6 |    10 |     4 ||    25
 Stab: Sleeping          |       |       |       |       |    10 |     3 ||    13
       Held in net/web   |       |       |       |       |       |     1 ||     1
Armor: Scale mail        |    52 |       |     2 |       |       |       ||    54
       Chain mail        |       |    42 |    53 |       |       |       ||    95
       Skin              |       |       |    32 |    28 |       |    23 ||    83
       Acid dragon scale |       |       |    18 |   213 |   615 |   540 ||  1386
Dodge: Dodged            |    50 |    26 |    72 |   213 |   397 |   482 ||  1240
Block: Buckler           |    22 |    20 |   153 |   284 |   190 |       ||   669
       Reflection        |       |       |     1 |     4 |    20 |    69 ||    94
       Other             |       |       |       |    10 |    37 |       ||    47
       Kite shield       |       |       |       |       |   521 |  1234 ||  1755
